 Dungeon Crawl Stone Soup version 0.21.0 (webtiles) character file.

76 TheDeThijs the Chopper (level 4, -3/41 HPs)
             Began as a Hill Orc Fighter on Jan 6, 2018.
             Was an Initiate of Beogh.
             Slain by an orc priest (4 damage)
             ... on level 3 of the Dungeon.
             The game lasted 00:05:44 (1845 turns).

TheDeThijs the Chopper (Hill Orc Fighter)           Turns: 1845, Time: 00:05:45

Health: -3/41      AC:  6    Str: 19    XL:     4   Next: 32%
Magic:  4/4        EV:  7    Int:  8    God:    Beogh [......]
Gold:   111        SH:  9    Dex: 10    Spells: 3/3 levels left

rFire    . . .     SeeInvis .   a - +0 war axe
rCold    . . .     Gourm    .   c - +0 shield
rNeg     . . .     Faith    .   b - +0 scale mail
rPois    .         Spirit   .   (no helmet)
rElec    .         Reflect  .   (no cloak)
rCorr    .         Harm     .   (no gloves)
MR       .....                  (no boots)
Stlth    ..........             (no amulet)
HPRegen  0.13/turn              (no ring)
MPRegen  0.09/turn              (no ring)

@: lethally poisoned (-3 -> -18), flying, slowed, very slow
A: no striking features
a: Renounce Religion


You were on level 3 of the Dungeon.
You worshipped Beogh.
Beogh was noncommittal.
You were not hungry.

You visited 1 branch of the dungeon, and saw 3 of its levels.

You collected 111 gold pieces.

Inventory:

Hand Weapons
 a - a +0 war axe (weapon)
Armour
 b - a +0 scale mail (worn)
 c - a +0 shield (worn)
 l - a +0 cloak
Scrolls
 e - a scroll of remove curse {unknown}
 g - a scroll of amnesia {unknown}
 h - 2 scrolls of teleportation {unknown}
 i - a scroll of fear {unknown}
Potions
 d - 2 potions of might
 j - a potion of resistance {unknown}
 k - a potion of magic {unknown}
Comestibles
 f - 9 rations


   Skills:
 + Level 4.4 Fighting
 * Level 4.9 Axes
 - Level 3.2 Armour
 + Level 0.6 Dodging
 - Level 3.2 Shields


You had 3 spell levels left.
You didn't know any spells.

Dungeon Overview and Level Annotations

Branches:
Dungeon (3/15)

Altars:


Message History

You can move again.
You feel yourself speed up.
You feel very sick. The orc priest hits you. The hornet stings you.
* * * LOW HITPOINT WARNING * * *
You feel yourself slow down.
The orc priest calls down the wrath of Beogh upon you.
Pain shoots through your body!
* * * LOW HITPOINT WARNING * * *
There is a stone staircase leading up, spattered with blood here.
Unknown command.
It was a potion of flight.
You feel very buoyant.
You fly up into the air.
* * * LOW HITPOINT WARNING * * *
You feel sick.
The hornet stings you but does no damage.
The orc priest hits you.
You die...
Beogh appreciates the orc priest's killing of a heretic priest.

..... .... ....####
...# #..# #.....
...####..# #....)
..# ....# #....) #
... #..# #.##..
#.#.# #).#####.....
#.#o####.........###
#.oy....)........# #
#.#@####.##...##.###
#.#.......##.###....
#.........##.# ###..
###.##...)...# #..
#.##.##.#### #..
#.##.# .# ... #.##.#
.. .... #.##.. ##.
#.... #.##.. #.
##...


You could see a hornet, an orc priest and an orc.

Vanquished Creatures
  Jessica (D:2)
  An adder (D:2)
  An ooze (D:1)
  A worm (D:2)
  A dart slug (D:1)
  An orc (D:3)
  2 giant cockroaches
  3 goblins
  3 hobgoblins
  2 jackals (D:2)
  3 bats
  A frilled lizard (D:2)
  5 kobolds
  8 rats
33 creatures vanquished.

Vanquished Creatures (others)
  An orc (D:3)
1 creature vanquished.

Grand Total: 34 creatures vanquished

Notes
Turn   | Place    | Note
-------+----------+-------------------------------------------
     0 | D:1      | TheDeThijs the Hill Orc Fighter began the quest for the Orb.
     0 | D:1      | Reached XP level 1. HP: 19/19 MP: 1/1
   214 | D:1      | Reached XP level 2. HP: 25/27 MP: 2/2
   853 | D:2      | Reached XP level 3. HP: 18/33 MP: 3/3
   995 | D:2      | Noticed Jessica
  1009 | D:2      | Killed Jessica
  1088 | D:2      | Reached XP level 4. HP: 41/41 MP: 4/4
  1839 | D:3      | Became a worshipper of Beogh the Brigand
  1840 | D:3      | Noticed a hornet
  1843 | D:3      | Paralysed by a hornet for 1 turns
  1845 | D:3      | HP: 1/41 [poisoned by a hornet]
  1845 | D:3      | Slain by an orc priest

Skill      XL: |  1  2  3 |
---------------+----------+-----
Axes           | 3 4 |  4.9
Fighting       | 4 |  4.4
Armour         | |  3.2
Dodging        | |  0.6
Shields        | |  3.2

Action                   |  1- 3 |  4- 6 || total
-------------------------+-------+-------++-------
Melee: War axe           |    79 |    37 ||   116
Invok: Convert to Beogh  |       |     1 ||     1
  Use: Potion            |       |     1 ||     1
  Eat: Chunk             |     1 |     2 ||     3
Armor: Scale mail        |    40 |    18 ||    58
Dodge: Dodged            |    30 |    13 ||    43
Block: Shield            |    42 |    22 ||    64
